Map: 이페머론 - 래더

Players

ZipperTheFly - Winner!

  • Race: Terran Terran
  • Spawn Location: 5:00

AxImpact (Impact)

  • Race: Zerg Zerg
  • League: Platinum
  • Spawn Location: 11:00

Event: IEM Katowice 2020

VOD

Have the link to the VOD?

Description

Time

  • Played on: Feb. 24, 2020, 9:38 a.m.
  • Length: 8:41

All games in this series

Show
View Real Time Build Order
Export as new Build Order

ZipperTheFly Terran - Winner!

Build Orders: Hellion Opening, Liberator Opening, Reaper Expand 

Get SALT Encoding   

  12  0:00  SCV  
  13  0:13  SCV  
  14  0:17  Supply Depot  
  14  0:25  SCV  
  15  0:38  SCV  
  15  0:40  Barracks  
  16  0:44  Refinery  
  16  0:50  SCV  
  17  1:02  SCV  
  18  1:14  SCV  
  19  1:27  Reaper, Orbital Command  
  20  1:40  Command Center  
  20  1:50  Supply Depot  
  20  1:53  SCV  
  21  1:59  Marine  
  22  2:05  SCV  
  23  2:09  Factory  
  23  2:14  Refinery  
  23  2:21  Barracks Reactor  
  23  2:23  SCV  
  24  2:37  SCV  
  25  2:49  SCV  
  25  2:52  Orbital Command  
  25  2:57  Starport  
  25  3:02  SCV  
  25  3:04  Hellion x2  
  30  3:07  Marine  
  30  3:14  SCV  
  31  3:22  SCV  
  31  3:25  Hellion x2, Marine  
  37  3:27  SCV, Supply Depot  
  38  3:38  Viking  
  38  3:39  SCV x2  
  42  3:43  Barracks Tech Lab  
  42  3:47  Supply Depot  
  42  3:52  Hellion x2  
  42  3:55  SCV  
  47  3:56  SCV  
  48  4:06  Stimpack  
  48  4:08  SCV x2  
  50  4:11  Liberator  
  53  4:20  SCV x2, Supply Depot  
  55  4:26  Barracks x2  
  55  4:34  SCV x2  
  57  4:46  Supply Depot, Engineering Bay  
  57  4:47  Refinery, Factory Tech Lab  
  57  4:49  SCV  
  57  4:50  SCV  
  59  4:55  Starport Reactor  
  59  5:00  Marine  
  59  5:01  SCV  
  59  5:03  SCV  
  59  5:04  Supply Depot  
  62  5:13  SCV  
  62  5:14  Terran Infantry Weapons Level 1, Marine x2  
  63  5:15  SCV  
  63  5:18  Marine, Siege Tank  
  70  5:21  Barracks  
  70  5:25  SCV  
  70  5:26  Barracks  
  71  5:32  Supply Depot  
  71  5:34  Marine x2  
  73  5:36  Marauder  
  73  5:38  Starport Reactor  
  73  5:39  SCV  
  73  5:40  Refinery, Marine x2  
  78  5:43  Supply Depot  
  78  5:47  Combat Shield  
  78  5:49  SCV  
  79  5:51  SCV  
  80  5:59  Marine x3  
  80  6:00  Marine, Siege Tank  
  84  6:06  Supply Depot  
  84  6:08  Marine  
  84  6:17  Marine x2  
  79  6:19  Medivac x2  
  79  6:24  Barracks Reactor, Barracks Tech Lab  
  78  6:29  Marauder  
  78  6:30  Supply Depot  
  80  6:35  Marine x2  
  80  6:36  Marine x2  
  80  6:38  Siege Tank  
  87  6:49  Medivac x2  
  87  6:50  Marauder  
  87  6:51  Marauder  
  87  6:53  Marine x2  
  87  6:54  Marine x2  
  98  7:00  Marine  
  98  7:01  Marine  
  101  7:08  Supply Depot  
  101  7:10  Marine x2  
  101  7:11  Marauder, Marine x2  
  101  7:12  Marauder  
  101  7:23  Marine x2  
  101  7:24  Medivac, Siege Tank  
  108  7:41  Marine x4  
  108  7:42  Marauder x2, Marine  
  113  7:51  Marine  
  113  7:52  Medivac  
  113  7:54  Medivac  
  113  7:58  Command Center  
  101  8:11  Marine x4  
  101  8:12  Marauder x2  
  117  8:29  SCV x2  
Show
View Real Time Build Order
Export as new Build Order

AxImpact Zerg 

Build Orders: Pool First 

Get SALT Encoding   

  12  0:00  Drone  
  13  0:14  Overlord  
  13  0:17  Drone  
  14  0:32  Drone x2  
  16  0:36  Drone  
  17  0:46  Extractor  
  17  0:48  Spawning Pool  
  17  0:49  Drone  
  16  0:57  Drone  
  17  1:08  Drone  
  18  1:18  Hatchery  
  17  1:35  Zergling x2, Queen  
  17  1:37  Zergling x2  
  21  1:47  Metabolic Boost  
  21  1:51  Overlord  
  21  1:56  Drone  
  22  2:10  Queen, Drone  
  22  2:15  Drone  
  25  2:28  Zergling x2  
  26  2:30  Queen  
  26  2:32  Drone  
  26  2:34  Drone  
  30  2:43  Drone  
  30  2:46  Drone  
  30  2:50  Drone  
  32  2:54  Overlord  
  32  2:56  Drone  
  33  3:00  Pneumatized Carapace  
  33  3:01  Drone  
  33  3:05  Drone  
  35  3:11  Drone  
  36  3:16  Drone  
  37  3:22  Hatchery  
  37  3:25  Drone  
  37  3:28  Drone  
  37  3:31  Drone  
  37  3:32  Drone  
  40  3:34  Drone x2  
  40  3:39  Overlord  
  40  3:41  Drone  
  43  3:42  Drone  
  44  3:56  Queen  
  44  3:57  Drone  
  44  3:58  Zergling x10  
  52  4:03  Overlord  
  52  4:11  Extractor  
  52  4:12  Evolution Chamber x2  
  52  4:15  Drone x2  
  51  4:17  Overlord, Drone  
  52  4:24  Overlord  
  52  4:33  Queen  
  52  4:35  Queen  
  52  4:36  Drone x3  
  59  4:38  Drone  
  59  4:40  Drone  
  59  4:43  Drone  
  59  4:45  Spore Crawler  
  61  4:46  Drone  
  61  4:47  Drone  
  61  4:49  Drone  
  64  4:56  Zerg Ground Armor Level 1  
  64  4:58  Drone  
  65  5:01  Zerg Melee Weapons Level 1, Drone  
  65  5:03  Zergling x2  
  67  5:12  Drone x2  
  67  5:14  Zergling x4  
  71  5:15  Drone  
  71  5:19  Lair  
  71  5:20  Drone  
  73  5:21  Drone  
  73  5:26  Baneling Nest  
  73  5:27  Drone  
  74  5:31  Overlord  
  74  5:32  Overlord x2  
  73  5:39  Extractor  
  73  5:40  Drone, Extractor  
  73  5:42  Drone  
  72  5:45  Drone  
  72  5:47  Drone  
  73  5:50  Drone  
  73  5:57  Zergling x4  
  75  5:59  Drone x3  
  75  6:00  Drone x3  
  79  6:08  Zergling x2  
  79  6:09  Drone  
  81  6:17  Drone x4  
  83  6:20  Drone x2  
  83  6:23  Overseer  
  85  6:26  Centrifical Hooks  
  85  6:27  Zergling x2  
  85  6:29  Zergling x4  
  85  6:32  Baneling x5  
  88  6:33  Baneling x3  
  88  6:34  Hatchery  
  88  6:37  Zergling x2  
  88  6:38  Zergling x6  
  88  6:39  Zergling x2  
  92  6:40  Baneling  
  92  6:46  Zergling x2  
  93  6:47  Baneling  
  93  6:49  Zergling x2  
  93  6:50  Zergling x2  
  93  6:52  Zergling x4  
  97  6:54  Baneling  
  97  6:55  Overlord  
  97  6:56  Overlord  
  97  7:01  Baneling  
  97  7:03  Baneling x3  
  97  7:05  Zergling x2  
  97  7:06  Overlord x4  
  98  7:12  Queen x3  
  98  7:14  Zergling x6  
  106  7:22  Zergling x8  
  103  7:23  Zergling x2  
  103  7:26  Baneling x3  
  98  7:31  Zergling x10  
  97  7:37  Zergling x2  
  97  7:43  Zergling x4  
  92  7:48  Zergling x4  
  77  7:52  Zergling x8  
  77  7:54  Zergling x2  
  77  7:57  Zergling x2  
  68  7:58  Zergling x4  
  68  7:59  Zergling x4  
  68  8:04  Zergling x2, Queen x2  
  59  8:05  Zergling x2  
  59  8:10  Zergling x4  
  60  8:15  Zergling x4  
  60  8:19  Zergling x2  
  62  8:20  Baneling x3  
  62  8:21  Baneling x8  
  62  8:22  Zergling x2  
  62  8:24  Zergling x2  

Tags
 
Add a new tag
Caveats
  • Supply blocks, unpowered buildings, or Contaminate may cause inaccurate times.
  • Supply counts are checked every 10 seconds.